 Dungeon Crawl Stone Soup version 0.24.0-13-gcf9b319 (webtiles) character file.

Game seed: 13541378037439565371, levelgen mode: deterministic

30695 Afromullet the Thaumaturge (level 13, -24/101 HPs)
             Began as a Gnoll Warper on Feb 4, 2020.
             Was a High Priest of Okawaru.
             Killed from afar by an orc sorcerer (27 damage)
             ... with a bolt of negative energy
             ... on level 2 of the Orcish Mines.
             The game lasted 02:05:37 (30557 turns).

Afromullet the Thaumaturge (Gnoll Warper)          Turns: 30557, Time: 02:05:38

Health: -24/101    AC: 16    Str: 24    XL:     13   Next: 53%
Magic:  26/26      EV: 15    Int: 23    God:    Okawaru [*****.]
Gold:   1076       SH:  0    Dex: 10    Spells: 3/31 levels left

rFire    + . .     SeeInvis .   D - +10 hand axe of Azefox {freeze, rC+ Str+8 Dex-5}
rCold    + . .     Gourm    .   (no shield)
rNeg     . . .     Faith    .   O - +3 ring mail {rF+}
rPois    .         Spirit   .   F - +2 helmet
rElec    .         Reflect  .   p - +2 cloak
rCorr    .         Harm     .   (no gloves)
MR       .....                  (no boots)
Stlth    ++++......             k - amulet of rage
HPRegen  0.26/turn              y - +5 ring of intelligence
MPRegen  0.20/turn              B - ring of stealth

@: lethally poisoned (-24 -> -24), hasted, drained, very quick
A: distributed training, fangs 1, strong nose
a: Heroism, Finesse, Renounce Religion, Evoke Berserk Rage


You were on level 2 of the Orcish Mines.
You worshipped Okawaru.
Okawaru was extremely pleased with you.
You were not hungry.

You visited 4 branches of the dungeon, and saw 20 of its levels.
You also visited: Ossuary.

You collected 1281 gold pieces.
You spent 205 gold pieces at shops.

Inventory:

Hand Weapons
 g - a +2 hunting sling of velocity
 j - a +1 great sword
 D - the +10 hand axe of Azefox (weapon) {freeze, rC+ Str+8 Dex-5}
   (You found it on level 6 of the Dungeon)

   It has been specially enchanted to freeze those struck by it, causing extra
   injury to most foes and up to half again as much damage against particularly
   susceptible opponents.
   It can also slow down cold-blooded creatures.
   It affects your strength (+8).
   It affects your dexterity (-5).
   It protects you from cold.
 N - a +3 hunting sling of velocity
 P - a +3 demon trident of electrocution
 Q - a +2 short sword of electrocution
Missiles
 e - 5 boomerangs of dispersal (quivered)
 l - 2 throwing nets
 m - 375 stones
 w - 7 javelins
 z - 30 boomerangs
 G - 83 sling bullets
Armour
 p - a +2 cloak (worn)
 s - a +0 ring mail
 F - a +2 helmet (worn)
 M - the +1 pair of boots of Inviolability {-Tele rElec rN+++ Int-5}
   (Okawaru gifted it to you on level 3 of the Lair of Beasts)

   It affects your intelligence (-5).
   It insulates you from electricity.
   It renders you almost immune to negative energy.
   It prevents most forms of teleportation.
 O - a +3 ring mail of fire resistance (worn)
Jewellery
 k - an amulet of rage (around neck)
 y - a +5 ring of intelligence (left hand)
 B - a ring of stealth (right hand)
Wands
 c - a wand of acid (10)
 d - a wand of polymorph (8)
 v - a wand of enslavement (6)
 I - a wand of paralysis (9)
 L - a wand of digging (3)
Scrolls
 b - 2 scrolls of enchant weapon
 n - a scroll of teleportation
 o - 8 scrolls of remove curse
 H - a scroll of fog
 J - 2 scrolls of identify
 K - a scroll of vulnerability
Potions
 a - a potion of cancellation
 h - 2 potions of brilliance
 i - 2 potions of mutation
 r - 3 potions of lignification
 t - 3 potions of degeneration
 x - a potion of might
 A - 2 potions of haste
 C - 3 potions of flight
 E - 2 potions of resistance
 S - a potion of berserk rage
Miscellaneous
 u - a lamp of fire (inert)
Comestibles
 f - 12 rations


   Skills:
 + Level 9.4(8.7) Fighting
 + Level 8.2(7.5) Short Blades
 + Level 9.4(8.7) Long Blades
 + Level 8.2(7.5) Axes
 + Level 8.2(7.5) Maces & Flails
 + Level 8.2(7.5) Polearms
 + Level 8.2(7.5) Staves
 + Level 8.2(7.5) Slings
 + Level 8.2(7.5) Bows
 + Level 8.2(7.5) Crossbows
 + Level 8.7(8.0) Throwing
 + Level 8.7(8.0) Armour
 + Level 9.4(8.7) Dodging
 + Level 8.2(7.5) Stealth
 + Level 8.2(7.5) Shields
 + Level 8.2(7.5) Unarmed Combat
 + Level 9.6(8.9) Spellcasting
 + Level 6.8(6.2) Conjurations
 + Level 6.8(6.2) Hexes
 + Level 6.8(6.2) Charms
 + Level 6.8(6.2) Summonings
 + Level 6.8(6.2) Necromancy
 + Level 8.9(8.2) Translocations
 + Level 6.8(6.2) Transmutations
 + Level 6.8(6.2) Fire Magic
 + Level 6.8(6.2) Ice Magic
 + Level 6.8(6.2) Air Magic
 + Level 6.8(6.2) Earth Magic
 + Level 6.8(6.2) Poison Magic
 + Level 9.0(8.3) Invocations
 + Level 8.2(7.5) Evocations


You had 3 spell levels left.
You knew the following spells:

 Your Spells              Type           Power        Failure   Level  Hunger
a - Shroud of Golubria    Chrm/Tloc      #####.       1%          2    None
b - Sticky Flame          Conj/Fire      #####...     7%          4    ##.....
c - Gell's Gravitas       Tloc           #####.....   1%          3    None
d - Passage of Golubria   Tloc           N/A          3%          4    ##.....
e - Teleport Other        Tloc           #####...     1%          3    None
f - Corona                Hex            #####..      1%          1    None
g - Ensorcelled Hibernat  Hex/Ice        #####.       1%          2    None
h - Confuse               Hex            #####...     2%          3    None
i - Tukima's Dance        Hex            #####...     2%          3    None
j - Dazzling Spray        Conj/Hex       #####.       2%          3    None

Your spell library contained the following spells:

 Spells                   Type           Power        Failure   Level  Hunger
 Flame Tongue             Conj/Fire      #####        1%          1    None
 Shock                    Conj/Air       ####         1%          1    None
 Blink                    Tloc           N/A          1%          2    None
 Swiftness                Chrm/Air       #####...     1%          2    None
 Throw Flame              Conj/Fire      #####.       1%          2    None
 Lesser Beckoning         Tloc           #####.....   1%          3    None
 Conjure Flame            Conj/Fire      #####...     2%          3    None
 Inner Flame              Hex/Fire       #####...     2%          3    None
 Static Discharge         Conj/Air       #####...     2%          3    None
 Airstrike                Air            #####.....   7%          4    ##.....
 Fireball                 Conj/Fire      #####.....   21%         5    ####...
 Lightning Bolt           Conj/Air       #####.....   21%         5    ####...


Dungeon Overview and Level Annotations

Branches:
Dungeon (12/15)            Temple (1/1) D:5            Lair (5/6) D:11
 Shoals (0/4) Lair:4        Snake (0/4) Lair:2          Orc (2/2) D:12
    Elf (0/3) Orc:2       Ossuary (visited)
  Slime: Lair:5-6

Altars:
Ashenzari
Cheibriados
Dithmenos
Elyvilon
Fedhas
Gozag
Hepliaklqana
Makhleb
Nemelex Xobeh
Okawaru
Qazlal
Ru
Sif Muna
Trog
Uskayaw
Vehumet
Wu Jian
Xom
Yredelemnul
The Shining One
Beogh

Shops:
D:7 *

Annotations:
Orc:2 Erolcha, Snorg


Innate Abilities, Weirdness & Mutations

Your experience applies equally to all skills.
You have very sharp teeth.
Your uncanny sense of smell can sniff out nearby items.


Message History

The orc priest hits you but does no damage.
You miss the orc sorcerer.
The warg howls!
You bite the orc sorcerer.
The orc sorcerer is lightly wounded.
You miss the chaos spawn.
You hit the orc warrior but do no damage.
You slash the orc priest! You freeze the orc priest.
You feel sick.
The orc warrior hits you with a +0 glaive!
* * * LOW HITPOINT WARNING * * *
The orc wizard casts a spell.
The orc wizard blinks!
The orc priest calls upon Beogh to heal the orc sorcerer.
The orc sorcerer's wounds heal themselves!
You feel less invigorated.
You feel less confused.
The orc no longer looks unusually strong.
The orc sorcerer gestures at you while chanting.
The bolt of negative energy hits you!!
You feel drained.
You die...

......o...............##.##.....
##...............................
#...o..o.........................
##.o.........$...............#...
....oo.o......................#..
...##.....$..............#...##.#
.#.#...#..h..............##.##...
...o..>.......o...........####..#
.#.........o.oo.@..O.............
....o......ooTo4................#
..h....###..o.oo...............##
.......T........................#
.......$<........................
.#..##...........................
... ####.....................#..
.. #...#..................#.
#...#..............##.###


You could see Snorg, an orc knight, Erolcha, a chaos spawn, a warg, an orc
sorcerer, 2 orc warriors, an orc priest, 2 orc wizards and 3 orcs.

Vanquished Creatures
  Harold (D:7)
  Erica (D:8)
  2 two-headed ogres (D:8)
  An orc high priest (Orc:2)
  Urug (D:12)
  Pikel (D:6)
  A deep elf mage (D:12)
  2 black mambas
  An elephant (Lair:5)
  Joseph (D:9)
  5 spiny frogs
  A rime drake (Lair:5)
  2 komodo dragons
  A tengu conjurer (D:10)
  A polar bear (Lair:3)
  4 trolls
  A slime creature (D:9)
  5 blink frogs (Lair:4)
  3 hippogriffs
  4 dream sheep
  A snapping turtle (Lair:4)
  54 yaks
  3 wyverns
  A basilisk (Lair:3)
  A hungry ghost (D:9)
  An acid dragon (D:12)
  3 nagas (Lair:2)
  9 porcupines
  9 water moccasins
  Duvessa (D:7)
  3 sky beasts
  14 orc warriors
  7 ogres
  An eye of draining (D:11)
  5 phantoms
  2 centaurs
  3 wolves (Lair:1)
  11 crocodiles
  An elf zombie (Ossuary)
  8 bullfrogs
  Dowan (D:7)
  A wyvern zombie (D:9)
  5 scorpions
  2 electric eels
  4 howler monkeys
  5 crimson imps
  3 bullfrog zombies
  2 centaur zombies
  3 hounds
  A human zombie (Ossuary)
  5 jellies
  15 orc wizards
  6 orc priests
  A bullfrog skeleton (D:7)
  18 worker ants
  8 iguanas
  3 big kobold zombies (Ossuary)
  A hound zombie (D:10)
  2 mummies (Ossuary)
  Robin (D:2)
  2 worker ant zombies
  14 adders
  4 shadow imps
  An ooze (D:4)
  4 adder zombies
  2 adder skeletons (D:4)
  7 worms
  7 dart slugs
  2 leopard geckos
  39 orcs
  3 ball pythons
  7 bats
  6 giant cockroaches
  18 goblins
  14 hobgoblins
  15 jackals
  2 quokkas
  8 frilled lizards
  A goblin zombie (Ossuary)
  7 hobgoblin zombies (Ossuary)
  A jackal skeleton (D:5)
  6 kobolds
  11 kobold zombies (Ossuary)
  7 orc zombies (Ossuary)
  A quokka skeleton (D:4)
  A quokka zombie (D:9)
  9 rats
  4 rat zombies (Ossuary)
  A fungus (Lair:3)
  2 plants
470 creatures vanquished.

Vanquished Creatures (collateral kills)
  A hydra (Lair:1)
  2 orcs
3 creatures vanquished.

Vanquished Creatures (others)
  2 dancing weapons (D:8)
  A sky beast (D:8)
  A crimson imp (D:6)
  A worker ant (D:6)
  An orc (Orc:1)
  7 fungi
  34 plants
47 creatures vanquished.

Grand Total: 520 creatures vanquished

Notes
Turn   | Place    | Note
-------+----------+-------------------------------------------
     0 | D:1      | Afromullet the Gnoll Warper began the quest for the Orb.
     0 | D:1      | Reached XP level 1. HP: 20/20 MP: 6/6
    73 | D:1      | Reached XP level 2. HP: 18/26 MP: 7/7
   445 | D:1      | Learned a level 2 spell: Shroud of Golubria
   448 | D:1      | Learned a level 2 spell: Blink
   581 | D:1      | Reached XP level 3. HP: 31/31 MP: 7/9
   591 | D:1      | Reached skill level 5 in Spellcasting
   743 | D:1      | Found a glowing golden altar of the Shining One.
  1003 | D:1      | Reached skill level 1 in Invocations
  1333 | D:2      | Reached skill level 1 in Short Blades
  1333 | D:2      | Reached skill level 1 in Axes
  1333 | D:2      | Reached skill level 1 in Maces & Flails
  1333 | D:2      | Reached skill level 1 in Polearms
  1333 | D:2      | Reached skill level 1 in Staves
  1333 | D:2      | Reached skill level 1 in Slings
  1333 | D:2      | Reached skill level 1 in Bows
  1333 | D:2      | Reached skill level 1 in Crossbows
  1333 | D:2      | Reached skill level 1 in Stealth
  1333 | D:2      | Reached skill level 1 in Shields
  1333 | D:2      | Reached skill level 1 in Unarmed Combat
  1333 | D:2      | Reached skill level 1 in Evocations
  1405 | D:2      | Reached XP level 4. HP: 38/38 MP: 11/11
  1664 | D:2      | Noticed Robin
  1678 | D:2      | Killed Robin
  1678 | D:2      | Reached skill level 1 in Conjurations
  1678 | D:2      | Reached skill level 1 in Hexes
  1678 | D:2      | Reached skill level 1 in Charms
  1678 | D:2      | Reached skill level 1 in Summonings
  1678 | D:2      | Reached skill level 1 in Necromancy
  1678 | D:2      | Reached skill level 1 in Transmutations
  1678 | D:2      | Reached skill level 1 in Fire Magic
  1678 | D:2      | Reached skill level 1 in Ice Magic
  1678 | D:2      | Reached skill level 1 in Air Magic
  1678 | D:2      | Reached skill level 1 in Earth Magic
  1678 | D:2      | Reached skill level 1 in Poison Magic
  1961 | D:2      | Learned a level 3 spell: Gell's Gravitas
  1966 | D:2      | Learned a level 4 spell: Passage of Golubria
  2144 | D:3      | Reached XP level 5. HP: 30/43 MP: 10/12
  3088 | D:3      | Noticed an ogre
  3102 | D:3      | Killed an ogre
  3102 | D:3      | Reached XP level 6. HP: 50/50 MP: 10/13
  3507 | D:4      | Learned a level 3 spell: Teleport Other
  3544 | D:4      | Reached skill level 5 in Fighting
  3544 | D:4      | Reached skill level 5 in Long Blades
  3544 | D:4      | Reached skill level 5 in Dodging
  4057 | D:4      | Found a radiant altar of Vehumet.
  4096 | D:4      | Reached XP level 7. HP: 21/56 MP: 15/15
  4349 | D:4      | Learned a level 1 spell: Corona
  6052 | D:5      | Entered Level 5 of the Dungeon
  6060 | D:5      | Found a transporter.
  6070 | D:5      | Found a transporter.
  6145 | D:5      | Found a sacrificial altar of Ru.
  6158 | D:5      | Found a snail-covered altar of Cheibriados.
  6462 | D:5      | Reached XP level 8. HP: 51/63 MP: 13/16
  6579 | D:5      | Found a sand-covered staircase.
  6641 | Ossuary  | Entered an ossuary
  7100 | D:5      | Found a basalt altar of Yredelemnul.
  7339 | D:5      | Found a sacrificial altar of Ru.
  8058 | D:5      | Found a staircase to the Ecumenical Temple.
  8067 | Temple   | Entered the Ecumenical Temple
  8140 | Temple   | Became a worshipper of Warmaster Okawaru
  9482 | D:6      | Found a hazy altar of Hepliaklqana.
  9616 | D:6      | Reached XP level 9. HP: 44/69 MP: 18/18
  9835 | D:6      | Learned a level 2 spell: Ensorcelled Hibernation
  9839 | D:6      | Learned a level 3 spell: Confuse
 10244 | D:6      | Noticed Pikel
 10252 | D:6      | Killed Pikel
 10252 | D:6      | Reached * piety under Okawaru
 10625 | D:6      | Found a shimmering blue altar of Sif Muna.
 10929 | D:7      | Reached skill level 5 in Throwing
 10929 | D:7      | Reached skill level 5 in Armour
 11342 | D:7      | Found Eruez's Assorted Antiques.
 11354 | D:7      | Bought a fizzy red potion for 27 gold pieces
 11354 | D:7      | Bought a potion of curing for 93 gold pieces
 11354 | D:7      | Bought a golden potion for 27 gold pieces
 11354 | D:7      | Bought a scroll labeled ISINIXK RAHYO for 31 gold pieces
 11354 | D:7      | Bought a golden potion for 27 gold pieces
 11480 | D:6      | Got a shimmering hand axe
 11484 | D:6      | Identified the +10 hand axe of Azefox {freeze, rC+ Str+8
                  | Dex-5} (You found it on level 6 of the Dungeon)
 11820 | D:7      | Reached skill level 5 in Invocations
 11836 | D:7      | Noticed Harold
 11850 | D:7      | Killed Harold
 11850 | D:7      | Reached XP level 10. HP: 46/77 MP: 20/20
 12086 | D:7      | Reached ** piety under Okawaru
 12186 | D:7      | Learned a level 3 spell: Tukima's Dance
 12396 | D:7      | Found a shadowy altar of Dithmenos.
 12642 | D:7      | Noticed Duvessa
 12642 | D:7      | Noticed Dowan
 12653 | D:7      | Killed Duvessa
 12653 | D:7      | Reached skill level 5 in Short Blades
 12653 | D:7      | Reached skill level 5 in Axes
 12653 | D:7      | Reached skill level 5 in Maces & Flails
 12653 | D:7      | Reached skill level 5 in Polearms
 12653 | D:7      | Reached skill level 5 in Staves
 12653 | D:7      | Reached skill level 5 in Slings
 12653 | D:7      | Reached skill level 5 in Bows
 12653 | D:7      | Reached skill level 5 in Crossbows
 12653 | D:7      | Reached skill level 5 in Stealth
 12653 | D:7      | Reached skill level 5 in Shields
 12653 | D:7      | Reached skill level 5 in Unarmed Combat
 12653 | D:7      | Reached skill level 5 in Evocations
 12656 | D:7      | Killed Dowan
 12763 | D:8      | Noticed Erica
 12786 | D:8      | Killed Erica
 13281 | D:8      | Noticed a two-headed ogre
 13287 | D:8      | You fall into a shaft and drop 1 floor!
 13397 | D:8      | Killed a two-headed ogre
 13397 | D:8      | Reached *** piety under Okawaru
 13737 | D:8      | Noticed a two-headed ogre
 14625 | D:10     | Entered Level 10 of the Dungeon
 15141 | D:10     | Reached **** piety under Okawaru
 15395 | D:10     | Reached XP level 11. HP: 80/84 MP: 22/22
 16365 | D:11     | Found a staircase to the Lair.
 16397 | Lair:1   | Entered Level 1 of the Lair of Beasts
 16513 | Lair:1   | Received a gift from Okawaru
 16535 | Lair:1   | Noticed a five-headed hydra
 16541 | Lair:1   | Killed a six-headed hydra
 16541 | Lair:1   | Reached ***** piety under Okawaru
 16541 | Lair:1   | Reached skill level 5 in Conjurations
 16541 | Lair:1   | Reached skill level 5 in Hexes
 16541 | Lair:1   | Reached skill level 5 in Charms
 16541 | Lair:1   | Reached skill level 5 in Summonings
 16541 | Lair:1   | Reached skill level 5 in Necromancy
 16541 | Lair:1   | Reached skill level 5 in Transmutations
 16541 | Lair:1   | Reached skill level 5 in Fire Magic
 16541 | Lair:1   | Reached skill level 5 in Ice Magic
 16541 | Lair:1   | Reached skill level 5 in Air Magic
 16541 | Lair:1   | Reached skill level 5 in Earth Magic
 16541 | Lair:1   | Reached skill level 5 in Poison Magic
 17069 | D:11     | Noticed an eight-headed hydra
 17729 | Lair:1   | Received a gift from Okawaru
 18272 | Lair:2   | Learned a level 3 spell: Dazzling Spray
 18941 | Lair:2   | Found a staircase to the Snake Pit.
 19940 | Lair:3   | Received a gift from Okawaru
 21184 | Lair:3   | Reached XP level 12. HP: 63/93 MP: 18/24
 21337 | Lair:3   | Received a gift from Okawaru
 21347 | Lair:3   | Got a pair of jewelled boots {god gift}
 21354 | Lair:3   | Identified the +1 pair of boots of Inviolability {-Tele
                  | rElec rN+++ Int-5} (Okawaru gifted it to you on level 3 of
                  | the Lair of Beasts)
 24196 | Lair:3   | Learned a level 4 spell: Sticky Flame
 25249 | Lair:4   | Found a staircase to the Shoals.
 26278 | Lair:5   | Reached XP level 13. HP: 101/101 MP: 26/26
 27236 | D:10     | Received a gift from Okawaru
 27293 | D:9      | Noticed Joseph
 27304 | D:9      | Killed Joseph
 28035 | D:8      | Found a stormy altar of Qazlal.
 28035 | D:8      | Found a sparkling altar of Nemelex Xobeh.
 29087 | D:12     | Noticed Urug
 29107 | D:12     | Killed Urug
 29487 | D:12     | Found a staircase to the Orcish Mines.
 29495 | Orc:1    | Entered Level 1 of the Orcish Mines
 29495 | Orc:1    | Found a roughly hewn altar of Beogh.
 30115 | Orc:2    | Entered Level 2 of the Orcish Mines
 30517 | Orc:2    | Paralysed by an orc sorcerer for 4 turns
 30536 | Orc:2    | Found a staircase to the Elven Halls.
 30536 | Orc:2    | Noticed Snorg
 30537 | Orc:2    | HP: 4/101 [orc sorcerer/bolt of fire (9)]
 30542 | Orc:2    | Noticed Erolcha
 30544 | Orc:2    | HP: 2/101 [poisoned by an orange demon]
 30556 | Orc:2    | HP: 1/101 [orc warrior/+0 glaive[an orc knight] (14)]
 30557 | Orc:2    | Killed from afar by an orc sorcerer

Levels and vault maps discovered:
D:1:      co_arrival_random_square_maze, layout_basic, tso_metal_star
D:2:      layout_loops_cross, uniq_robin
D:3:      layout_basic, serial_corexii_hall, corexii_hall_statues_l,
          corexii_hall_statues_l, chequers_hall_statues_y,
          corexii_hall_statues_x, first_ration
D:4:      layout_basic, old_standard_altar
D:5:      gammafunk_wand_slinger, layout_basic, nicolae_overflow_crystal_walls,
          cheibrodos_worm_habitat, kennysheep_mini,
          minmay_temple_entry_poolview, nicolae_ossuary_entry_ruins,
          nicolae_ru_great_annihilating_truth
D:6:      layout_layer_cave, lemuel_blue_sif_altar, kennysheep_mini_moat,
          uniq_pikel
D:7:      layout_basic, lemuel_crystal_altar, serial_shops, shop_statue,
          uniq_duvessa, uniq_harold
D:8:      layout_basic, zin_scriptorium, nicolae_overflow_hidden_temple,
          uniq_erica
D:9:      minmay_slanted_spiral_squares, layout_loops_cross, uniq_psyche,
          uniq_joseph
D:10:     layout_basic, grunt_tengu_nest
D:11:     layout_basic, grunt_lair_entry_orc_guard_hut, serial_shops, shop
D:12:     layout_basic, orc_0_dummy, uniq_urug
Temple:   minmay_temple_forest_path
Lair:1:   layout_regular_city, nicolae_volcano_entry_s_turn,
          serial_bayou_lake_a, infiniplex_staircase_pool, uniq_fannar
Lair:2:   layout_cave_pods, guppyfry_snake_entry_garden, st_stairs_7
Lair:3:   layout_layer_cave, gauntlet_entry_generic, grunt_megastairs_5
Lair:4:   layout_layer_cave, minmay_shoals_entry_hut, serial_bayou_lagoon_a,
          lemuel_fruit_fields, grunt_megastairs_1
Lair:5:   layout_regular_city, serial_bayou_shore_a
Orc:1:    layout_diamond_mine, basic_altar, serial_shops, shop
Orc:2:    st_orc_congregation, layout_caves, uniq_snorg, uniq_erolcha

Skill      XL: |  1  2  3  4  5  6  7  8  9 10 11 12 13 |
---------------+----------------------------------------+-----
Spellcasting   | 5 6 7 8 9 |  9.6
Invocations    | 1 2 3 4 5 6 7 8 9 |  9.0
Short Blades   | 1 2 3 4 5 6 7 8 |  8.2
Axes           | 1 2 3 4 5 6 7 8 |  8.2
Maces & Flails | 1 2 3 4 5 6 7 8 |  8.2
Polearms       | 1 2 3 4 5 6 7 8 |  8.2
Staves         | 1 2 3 4 5 6 7 8 |  8.2
Slings         | 1 2 3 4 5 6 7 8 |  8.2
Bows           | 1 2 3 4 5 6 7 8 |  8.2
Crossbows      | 1 2 3 4 5 6 7 8 |  8.2
Stealth        | 1 2 3 4 5 6 7 8 |  8.2
Shields        | 1 2 3 4 5 6 7 8 |  8.2
Unarmed Combat | 1 2 3 4 5 6 7 8 |  8.2
Evocations     | 1 2 3 4 5 6 7 8 |  8.2
Conjurations   | 1 2 3 4 5 6 |  6.8
Hexes          | 1 2 3 4 5 6 |  6.8
Charms         | 1 2 3 4 5 6 |  6.8
Summonings     | 1 2 3 4 5 6 |  6.8
Necromancy     | 1 2 3 4 5 6 |  6.8
Transmutations | 1 2 3 4 5 6 |  6.8
Fire Magic     | 1 2 3 4 5 6 |  6.8
Ice Magic      | 1 2 3 4 5 6 |  6.8
Air Magic      | 1 2 3 4 5 6 |  6.8
Earth Magic    | 1 2 3 4 5 6 |  6.8
Poison Magic   | 1 2 3 4 5 6 |  6.8
Throwing       | 3 4 5 6 7 8 |  8.7
Armour         | 3 4 5 6 7 8 |  8.7
Fighting       | 5 6 7 8 9 |  9.4
Long Blades    | 5 6 7 8 9 |  9.4
Dodging        | 5 6 7 8 9 |  9.4
Translocations | 6 7 8 |  8.9

Action                   |  1- 3 |  4- 6 |  7- 9 | 10-12 | 13-15 || total
-------------------------+-------+-------+-------+-------+-------++-------
Melee: Falchion          |    87 |   222 |    47 |       |       ||   356
       Bite              |    13 |    39 |    48 |    77 |    35 ||   212
       Spear             |    17 |       |       |       |       ||    17
       Punch             |       |     4 |     1 |    20 |     6 ||    31
       Great sword       |       |       |   283 |       |       ||   283
       Long sword        |       |       |    16 |       |       ||    16
       Hand axe          |       |       |    44 |   590 |   270 ||   904
 Fire: Hunting sling     |     2 |     8 |    40 |     8 |       ||    58
Throw: Throwing net      |       |       |       |     2 |       ||     2
 Cast: Shroud of Golubri |     6 |    15 |    26 |    12 |     7 ||    66
       Teleport Other    |       |     2 |     3 |       |     1 ||     6
       Corona            |       |       |    10 |     3 |       ||    13
       Gell's Gravitas   |       |       |     6 |     5 |       ||    11
       Confuse           |       |       |     3 |    13 |     1 ||    17
       Ensorcelled Hiber |       |       |     2 |     5 |       ||     7
       Tukima's Dance    |       |       |       |    17 |     4 ||    21
       Dazzling Spray    |       |       |       |     5 |     4 ||     9
       Sticky Flame      |       |       |       |     6 |     3 ||     9
Invok: Heroism           |       |       |       |     4 |     1 ||     5
       Finesse           |       |       |       |     2 |       ||     2
 Abil: Evoke Berserk Rag |       |     3 |     4 |     6 |     1 ||    14
Evoke: Phantom mirror    |       |       |       |     1 |       ||     1
       Wand              |       |       |       |       |     2 ||     2
       Lamp of fire      |       |       |       |       |     1 ||     1
  Use: Scroll            |     4 |     2 |     9 |    16 |    11 ||    42
       Potion            |       |     1 |    13 |     5 |     6 ||    25
 Stab: Sleeping          |     3 |       |     4 |     7 |     2 ||    16
       Invisible         |       |       |     2 |       |       ||     2
       Paralysed         |       |       |     1 |       |     3 ||     4
       Held in net/web   |       |       |       |     1 |       ||     1
       Confused          |       |       |       |     1 |       ||     1
       Distracted        |       |       |       |       |     1 ||     1
  Eat: Chunk             |     2 |     3 |     2 |    16 |     1 ||    24
       Ration            |       |     3 |     8 |    10 |     5 ||    26
Armor: Leather armour    |    43 |    70 |    98 |       |       ||   211
       Skin              |       |       |     3 |       |       ||     3
       Ring mail         |       |       |    12 |   180 |   116 ||   308
Dodge: Dodged            |   109 |   190 |   346 |   381 |   198 ||  1224
       Rpst.: Falchion   |    30 |    66 |    14 |       |       ||   110
       Great sword       |       |       |    81 |       |       ||    81
       Long sword        |       |       |     6 |       |       ||     6
